Map: Ulrena

Players

Mindele

  • Race: Terran Terran

WhySoSyria - Winner!

  • Race: Terran Terran

VOD

Have the link to the VOD?

Description

Time

  • Played on: May 13, 2016, 8:08 p.m.
  • Length: 6:02
Show
View Real Time Build Order
Export as new Build Order

Mindele Terran 

Build Orders:  

Get SALT Encoding   

  12  0:01  SCV  
  13  0:14  SCV  
  14  0:19  Supply Depot  
  14  0:26  SCV  
  15  0:40  SCV  
  15  0:42  Refinery  
  16  0:52  SCV  
  16  0:55  Barracks  
  17  1:04  SCV  
  18  1:14  Supply Depot  
  18  1:16  SCV  
  19  1:28  SCV  
  20  1:41  Barracks  
  20  1:46  Orbital Command  
  19  1:53  Reaper  
  20  2:05  Refinery  
  20  2:11  Factory  
  20  2:17  SCV  
  21  2:23  Supply Depot  
  21  2:25  Reaper  
  21  2:29  SCV  
  23  2:45  SCV  
  23  2:50  Supply Depot  
  24  2:55  Reaper  
  24  2:57  Factory Tech Lab, SCV  
  26  3:15  Reaper  
  27  3:33  Reaper  
  28  3:34  SCV  
  28  3:40  Starport  
  29  3:49  Reaper  
  29  3:50  SCV  
  29  3:52  Supply Depot  
  31  4:02  SCV  
  28  4:20  Reaper  
  28  4:30  Reaper  
  29  4:32  SCV  
  29  4:36  Banshee  
  33  4:41  Starport  
  33  4:45  SCV  
  34  4:56  Barracks  
  34  4:57  Barracks, SCV  
  35  5:00  Supply Depot  
  35  5:01  Barracks  
  35  5:22  Reaper  
  35  5:25  Starport Tech Lab  
  33  5:37  Marine  
Show
View Real Time Build Order
Export as new Build Order

WhySoSyria Terran - Winner!

Build Orders: Command Center First (CC) 

Get SALT Encoding   

  12  0:01  SCV  
  13  0:13  SCV  
  14  0:26  SCV  
  15  0:32  Supply Depot  
  15  0:53  SCV  
  16  0:58  Command Center  
  16  1:05  SCV  
  17  1:18  SCV  
  18  1:19  Barracks  
  18  1:30  SCV  
  19  1:33  Refinery  
  19  1:42  SCV  
  21  1:54  Supply Depot, SCV  
  21  2:03  Refinery  
  21  2:06  SCV  
  22  2:13  Marine  
  23  2:18  Barracks  
  23  2:19  Orbital Command  
  23  2:32  Orbital Command  
  22  2:46  Bunker  
  22  2:48  SCV  
  22  2:50  Marine  
  24  2:58  SCV  
  24  3:00  SCV  
  26  3:10  Supply Depot, SCV  
  26  3:12  SCV  
  28  3:20  Marine  
  28  3:21  Marine  
  28  3:23  SCV  
  28  3:24  SCV  
  31  3:35  SCV  
  31  3:36  SCV  
  31  3:37  Factory, Marine  
  31  3:40  Supply Depot  
  34  3:47  SCV  
  35  3:48  SCV  
  36  3:58  Marine x2  
  36  3:59  SCV  
  36  4:00  SCV  
  38  4:11  SCV  
  38  4:13  SCV  
  38  4:14  Refinery  
  39  4:17  Marine x2  
  39  4:23  Widow Mine, Starport, SCV  
  42  4:25  SCV  
  42  4:29  Factory  
  45  4:34  Barracks  
  45  4:35  Marine x2, SCV  
  45  4:37  SCV  
  49  4:41  Supply Depot  
  49  4:47  SCV  
  49  4:49  SCV  
  51  4:59  SCV  
  52  5:01  SCV  
  52  5:06  Command Center  
  53  5:11  Marine x2, SCV  
  53  5:12  Widow Mine  
  53  5:13  SCV  
  59  5:18  Starport Reactor  
  59  5:19  Widow Mine  
  61  5:24  SCV  
  61  5:25  SCV  
  61  5:28  Marine x2  
  64  5:36  SCV  
  64  5:37  SCV  
  64  5:38  Marine  
Tags
 
Add a new tag
Caveats
  • Supply blocks, unpowered buildings, or Contaminate may cause inaccurate times.
  • Supply counts are checked every 10 seconds.